 Dungeon Crawl Stone Soup version 0.32-a0-612-g1c984fe9d1 (webtiles) character file.

Game seed: 6196148966396170719

92676 javelincjr the Fighter (level 15, -3/125 HPs)
             Began as a Demonspawn Warper on Mar 4, 2024.
             Was the Champion of Beogh.
             Killed by angry trees
             ... awakened by a spriggan druid
              (10 damage)
             ... on level 4 of the Swamp.
             The game lasted 02:21:08 (25653 turns).

javelincjr the Fighter (Demonspawn Warper)         Turns: 25653, Time: 02:21:09

Health: -3/125     AC: 21    Str: 22    XL:     15   Next: 58%
Magic:  34/37      EV: 26    Int: 28    God:    Beogh [******]
Gold:   1991       SH:  5    Dex: 15    Spells: 12/32 levels left

rFire   + + +        a - +9 trident (protect)
rCold   . . .        (no shield)
rNeg    . . .        t - +2 robe of Servitude {Regen+ Str+4 Int+2}
rPois   +            c - +2 helmet
rElec   .            C - +2 cloak {rF+}
rCorr   +            N - +1 pair of gloves "Quga Xoank" {rPois MP+9 Dex+3}
SInv    .            (no boots)
Will    +....        d - amulet of reflection
Stlth   +            h - ring of the Hare {EV+10}
HPRegen 1.20/turn    I - ring of Japrorph {rF++ rCorr Int+5}
MPRegen 0.25/turn

%: reflection, wizardry (x1)
@: forested, under a protective aura
A: walk on water, demonic guardian 3, ignite blood 2, big brain 3, weakness
stinger 2
a: Renounce Religion, Smiting, Recall Apostles, Blood for Blood, Dismiss Urtork,
warrior, Dismiss Orik, priest, Dismiss Gorm, wizard


You were on level 4 of the Swamp.
You worshipped Beogh.
Beogh was exalted by your worship.
You visited 3 branches of the dungeon, and saw 19 of its levels.
You also visited: Volcano.

You collected 1991 gold pieces.

Inventory:

Hand Weapons
 a - a +9 trident of protection (weapon)
 b - a +4 orcbow of flaming
 Q - a +2 whip of distortion
 X - the +4 trident "Dyrujeyps" {freeze, Int+3 Dex+2}
   (You found it on level 10 of the Dungeon)

   Int+3:     It affects your intelligence (+3).
   Dex+2:     It affects your dexterity (+2).
Missiles
 e - 44 poisoned darts
 r - 11 silver javelins
 D - 17 javelins (quivered)
 S - 4 curare-tipped darts
Armour
 c - a +2 helmet (worn)
 i - a +2 pair of gloves of dexterity
 j - a +1 scale mail of willpower
 t - the +2 robe of Servitude (worn) {Regen+ Str+4 Int+2}
   (You found it in a volcano)

   Str+4:     It affects your strength (+4).
   Int+2:     It affects your intelligence (+2).
   Regen+:    It increases your rate of health regeneration.
 v - a +0 buckler
 C - a +2 cloak of fire resistance (worn)
 N - the +1 pair of gloves "Quga Xoank" (worn) {rPois MP+9 Dex+3}
   (You found it in a volcano)

   Dex+3:     It affects your dexterity (+3).
   rPois:     It protects you from poison.
   MP+9:      It affects your magic capacity (+9).
Jewellery
 d - an amulet of reflection (around neck)
 h - the ring of the Hare (left hand) {EV+10}
   (You found it on level 10 of the Dungeon)

   [ring of evasion]

   EV+10:     It affects your evasion (+10).
 k - a ring of see invisible
 p - the amulet "Useuru" {Faith rPois Int+3}
   (You found it on level 5 of the Lair of Beasts)

   [amulet of faith]

   Faith:     It allows you to gain divine favour quickly.
   Int+3:     It affects your intelligence (+3).
   rPois:     It protects you from poison.
 B - a ring of wizardry
 F - a ring of resist corrosion
 I - the ring of Japrorph (right hand) {rF++ rCorr Int+5}
   (You acquired it on level 4 of the Lair of Beasts)

   [ring of resist corrosion]

   Int+5:     It affects your intelligence (+5).
   rF++:      It greatly protects you from fire.
   rCorr:     It protects you from acid and corrosion.
 W - a +4 ring of protection
Wands
 E - a wand of mindburst (20)
 L - a wand of flame (69)
 P - a wand of charming (22)
 R - a wand of warping (12)
Scrolls
 f - 3 scrolls of torment
 g - 3 scrolls of fog
 o - 4 scrolls of silence
 q - a scroll of revelation
 s - 2 scrolls of immolation
 u - 2 scrolls of amnesia
 w - a scroll of summoning
 y - 6 scrolls of poison
 J - 4 scrolls of teleportation
 K - 6 scrolls of fear
 T - 2 scrolls of blinking
Potions
 l - a potion of cancellation
 n - a potion of ambrosia
 x - 7 potions of mutation
 z - a potion of resistance
 A - a potion of invisibility
 M - 4 potions of brilliance
 U - a potion of heal wounds
 V - 6 potions of curing
 Y - 5 potions of haste
 Z - 4 potions of lignification
Miscellaneous
 m - a sack of spiders
 G - a lightning rod (4/4)
 H - a condenser vane
 O - a phantom mirror


   Skills:
 * Level 13.9 Fighting
 + Level 9.6 Polearms
 + Level 8.1 Ranged Weapons
 - Level 1.0 Throwing
 + Level 9.2 Armour
 + Level 9.1 Dodging
 + Level 4.8 Shields
 + Level 9.3 Spellcasting
 + Level 9.5 Translocations
 + Level 9.2 Invocations


You had 12 spell levels left.
You knew the following spells:

 Your Spells              Type           Power      Damage    Failure   Level
a - Blink                 Tloc           100%       N/A       1%          2
b - Lesser Beckoning      Tloc           100%       N/A       1%          2
c - Teleport Other        Tloc           60%        N/A       1%          3
d - Manifold Assault      Tloc           60%        N/A       1%          4
e - Iskenderun's Mystic   Conj/Tloc      39%        2d9       2%          4
f - Summon Forest         Summ/Tloc      19%        N/A       7%          5

Your spell library contained the following spells:

 Spells                   Type           Power      Damage    Failure   Level
 Foxfire                  Conj/Fire      52%        2x1d6     1%          1
 Magic Dart               Conj           52%        1d5       1%          1
 Shock                    Conj/Air       52%        1d6       1%          1
 Slow                     Hex            52%        N/A       1%          1
 Summon Small Mammal      Summ           52%        N/A       1%          1
 Gell's Gravitas          Tloc           60%        N/A       1%          3
 Volatile Blastmotes      Fire/Tloc      78%        2d16      1%          3
 Cigotuvi's Dreadful Rot  Necr/Alch/Air  26%        N/A       2%          2
 Jinxbite                 Hex            26%        N/A       2%          2
 Searing Ray              Conj           26%        2d5       2%          2
 Sublimation of Blood     Necr           13%        N/A       2%          2
 Dimensional Bullseye     Hex/Tloc       19%        N/A       2%          4
 Vhi's Electric Charge    Tloc/Air       78%        N/A       2%          4
 Call Canine Familiar     Summ           13%        N/A       5%          3
 Confusing Touch          Hex            13%        N/A       5%          3
 Sigil of Binding         Hex            13%        N/A       5%          3
 Swiftness                Air            13%        N/A       5%          3
 Tukima's Dance           Hex            13%        N/A       5%          3
 Vampiric Draining        Necr           13%        2d6       5%          3
 Airstrike                Air            6%         2d(1-17)  16%         4
 Fulminant Prism          Conj/Alch      6%         3d6       16%         4
 Petrify                  Alch/Erth      13%        N/A       16%         4
 Summon Blazeheart Golem  Fire/Summ      13%        N/A       16%         4
 Summon Lightning Spire   Summ/Air       13%        N/A       16%         4
 Irradiate                Conj/Alch      6%         3d13      41%         5
 Yara's Violent Unravell  Hex/Alch       6%         3d5       41%         5
 Plasma Beam              Fire/Air       6%         2x1d17    92%         6
 Sculpt Simulacrum        Ice/Alch       6%         N/A       92%         6
 Starburst                Conj/Fire      6%         6d4       92%         6
 Enfeeble                 Hex            6%         N/A       100%        7
 Maxwell's Capacitive Co  Air            6%         ∞         100%        8


Dungeon Overview and Level Annotations

Branches:
Dungeon (10/15)            Temple (0/1) D:4            Lair (5/5) D:9
  Swamp (4/4) Lair:3       Spider (0/4) Lair:3        Slime (0/5) Lair:4
    Orc (0/2) D:9         Volcano (visited)

Altars:
Dithmenos
Gozag
Kikubaaqudgha
Makhleb
Nemelex Xobeh
Okawaru
Uskayaw
Vehumet
Xom
Beogh

Annotations:
D:3 GreenGuy14's ghost, amateur CoGl; TheLasagnaBaron's ghost, amateur DgGl


Innate Abilities, Weirdness & Mutations

You can walk on water.
Your facial features are unmistakably orcish.
A powerful demonic guardian rushes to your aid.
Your demonic aura often causes spilled blood to erupt in flames.
You have an absolutely massive brain. (Int +6, Wiz)
You have a tail ending in a sharp stinger.


Message History

Donald hits your dryad with a +2 demon trident of flaming!!!
Donald burns your dryad.
Your dryad dies!
Your dryad's corpse disappears in a puff of smoke!
The forest abruptly stops moving.
You reach to attack!
You catch the helpless Donald completely off-guard!
You hit Donald but do no damage.
Donald is severely wounded.
The swamp worm fires a harpoon shot at you.
The harpoon shot misses you.
Donald hits you from afar with a +2 demon trident of flaming!!!
* * * LOW HITPOINT WARNING * * *
A demonic guardian appears!
Donald burns you.
* * * LOW HITPOINT WARNING * * *
You are too injured to fight recklessly!
You are too injured to fight recklessly!
Reach: a) +9 trident (protect)
Press: ? - help, Dir - move target, f/p - Donald
Aim: Donald, wielding a +2 demon trident of flaming, wearing a +4 chain mail of poison resistance and wearing a +0 kite shield (severely wounded, fast, strong, ally target, about 19% to evade your +9 trident of protection)
You reach to attack!
Donald blocks your attack.
Donald is severely wounded.
Donald hits you from afar with a +2 demon trident of flaming!!
* * * LOW HITPOINT WARNING * * *
Donald burns you.
* * * LOW HITPOINT WARNING * * *
The swamp worm fires a harpoon shot at you.
The harpoon shot misses you.
The spriggan druid casts a spell.
The forest starts to sway and rumble!
Your balrug gestures at Donald.
The bolt of fire hits Donald!!!
Donald dies!
Beogh accepts your kill.
You hear a splash. x4
Beogh breathes life back into Urtork, Orik and Gorm.
Trunks creak and shift.
A root smacks Gorm from below!
A tree reaches out but misses Orik.
You are hit by a branch!
You die...

.~~§~ §~~~~~~
~~~~~.~
~.~~.~~~
~~~~~w♣♣♣♣♣♣
~
~§~§i≈~≈oo.♣
~~.
♣≈§~o@†~♣♣.~§
♣≈~2~~♣♣..♣
♣♣≈~§§§~♣ #
♣.~~~♣#♣
♣♣)~##
~~......♣#
~..~~~~#♣
~~.§§§~
~..~~.#


You could see a spriggan druid (ally target), a swamp worm (ally target), a
friendly balrug (summoned), the friendly Gorm the orc apostle, the friendly Orik
the orc apostle and the friendly Urtork the orc apostle.

Vanquished Creatures
  A fenstrider witch (Swamp:3)
  A ghoul (Swamp:3)
  3 eleionomae
  The ghost of zewo the Covert, a journeyman DrFE of Hepliaklqana (Lair:5)
  3 bunyips
  The ghost of zenocrate the Martial Artist, a journeyman OpEE of Ashenzari (Lair:2)
  A fire dragon (Lair:5)
  3 hydras
  A boulder beetle (Lair:2)
  3 alligators
  A ghost crab (Swamp:2)
  An ogre mage (Volcano)
  6 two-headed ogres
  6 death yaks (Lair:5)
  A hell hog (Lair:5)
  4 goliath frogs
  A swamp dragon (Swamp:2)
  A spectral hydra (Lair:2)
  A bog body (Swamp:1)
  2 orc apostles
  A lindwurm (Lair:5)
  2 lightning spires (Swamp:3)
  3 will-o-the-wisps
  A manticore (D:7)
  A moth of wrath (Swamp:1)
  15 elephants
  2 black mambas (Lair:5)
  2 molten gargoyles (Volcano)
  3 torpor snails (Lair:5)
  A gargoyle (D:10)
  7 cane toads
  2 kobold demonologists (D:9)
  An ice devil (Lair:5)
  A rime drake (Lair:4)
  2 trolls (D:10)
  10 polar bears
  12 hornets
  2 raiju (Lair:5)
  A spectral elephant (Lair:2)
  2 blink frogs (Lair:1)
  12 tyrant leeches
  2 spriggans (Swamp:3)
  A slime creature (D:7)
  A shadow (D:8)
  4 wyverns
  A fire bat (Volcano)
  3 basilisks
  2 wraiths (D:10)
  A spectral fire crab (Lair:2)
  6 wargs (Lair:5)
  47 yaks
  A steam dragon (D:9)
  17 swamp worms
  6 hell hounds (Lair:5)
  12 water moccasins
  Duvessa (D:4)
  An acid dragon (D:10)
  A swamp drake (Swamp:2)
  5 orc warriors
  2 sky beasts (D:7)
  13 black bears
  2 ice beasts
  3 ogres (D:7)
  20 wolves
  A phantom (D:5)
  5 centaurs
  5 kobold brigands
  A gnoll sergeant (D:8)
  9 bullfrogs
  3 scorpions
  15 wights
  Dowan (D:4)
  A burial acolyte (D:9)
  9 killer bees
  A dream sheep simulacrum (Lair:2)
  An elephant simulacrum (Lair:2)
  A howler monkey (D:6)
  3 electric eels
  5 lava snakes (Volcano)
  5 orc priests
  2 hounds
  A komodo dragon simulacrum (Lair:2)
  A gnoll bouda (D:10)
  11 jellies
  5 orc wizards
  2 sleepcaps
  4 iguanas
  Robin (D:2)
  7 gnolls
  11 adders
  A shadow imp (D:5)
  4 white imps
  2 ufetubi (D:6)
  A ribbon worm (D:2)
  4 dart slugs
  20 orcs
  6 ball pythons
  24 endoplasms
  6 giant cockroaches
  17 goblins
  13 hobgoblins
  4 jackals (D:1)
  18 kobolds
  6 quokkas
  8 bats
  9 frilled lizards
  2 jackal zombies (D:9)
  4 rats
537 creatures vanquished.

Vanquished Creatures (collateral kills)
  Donald (Swamp:4)
  A fenstrider witch (Swamp:1)
  The ghost of Qaseokh the Summoner, an adept TeSu of Vehumet (Swamp:3)
  An eleionoma (Swamp:3)
  A catoblepas (Lair:1)
  2 alligators
  A ghost crab (Swamp:1)
  A two-headed ogre (Volcano)
  Urug (Lair:5)
  A hell knight (Volcano)
  A spriggan berserker (Swamp:3)
  2 spriggan druids (Swamp:3)
  A swamp dragon (Swamp:1)
  2 lightning spires (Swamp:3)
  An oklob plant (Lair:5)
  A will-o-the-wisp (Swamp:1)
  An elephant (Lair:5)
  An orange demon (Swamp:1)
  A cane toad (Lair:1)
  A kobold demonologist (D:9)
  An ice devil (Lair:5)
  2 torpor snails (Lair:5)
  4 komodo dragons
  3 tyrant leeches
  2 blink frogs (Lair:1)
  A polar bear (Lair:5)
  5 hornets
  A raiju (Lair:5)
  A slime creature (D:7)
  3 wyverns
  6 spriggans
  5 yaks
  3 fire bats (Volcano)
  A warg (Lair:5)
  2 vampire mosquitoes (Swamp:2)
  A spectral cane toad (Lair:2)
  2 swamp worms
  An acid dragon (D:8)
  5 hell hounds (Lair:5)
  2 water moccasins (Lair:4)
  A swamp drake (Swamp:2)
  An orc warrior (D:10)
  3 black bears (Lair:5)
  7 wolves
  A centaur (D:7)
  A phantom (D:7)
  A kobold brigand (D:9)
  3 bullfrogs
  4 wights
  5 killer bees
  A lava snake (Volcano)
  4 orc priests
  A jelly (D:7)
  An iguana (D:4)
  An orc wizard (D:9)
  A kobold (D:9)
  7 foxfires
117 creatures vanquished.

Vanquished Creatures (others)
  11 orc apostles
  A spriggan druid (Swamp:2)
  A will-o-the-wisp (Swamp:3)
  3 bloated husks
  A tyrant leech (Swamp:1)
  A swamp worm (Swamp:2)
  An orc wizard (D:9)
  11 orcs
  133 foxfires
163 creatures vanquished.

Grand Total: 817 creatures vanquished

Notes
Turn   | Place    | Note
-------+----------+-------------------------------------------
     0 | D:1      | javelincjr the Demonspawn Warper began the quest for the
                  | Orb.
     0 | D:1      | Reached XP level 1. HP: 16/16 MP: 3/3
   125 | D:1      | Reached skill level 1 in Throwing
   125 | D:1      | Reached skill level 1 in Armour
   167 | D:1      | Gained mutation: You have a small tail. [demonic ancestry]
   167 | D:1      | Reached XP level 2. HP: 22/22 MP: 5/5
   391 | D:1      | Found a faded altar of an unknown god.
   492 | D:1      | Gained mutation: You have a tail ending in a sharp stinger.
                  | [demonic ancestry]
   492 | D:1      | Reached XP level 3. HP: 19/28 MP: 6/6
  1159 | D:2      | Learned a level 2 spell: Blink
  1162 | D:2      | Learned a level 2 spell: Lesser Beckoning
  1461 | D:2      | Noticed Robin
  1494 | D:2      | HP: 1/28 [goblin/+0 club[Robin] (5)]
  1666 | D:2      | Killed Robin
  1667 | D:2      | Gained mutation: You have an unusually large brain. (Int
                  | +2) [demonic ancestry]
  1667 | D:2      | Reached XP level 4. HP: 34/34 MP: 7/7
  1824 | D:2      | Reached skill level 3 in Fighting
  2531 | D:2      | Gained mutation: A weak demonic guardian rushes to your
                  | aid. [demonic ancestry]
  2531 | D:2      | Reached XP level 5. HP: 3/41 MP: 8/8
  2899 | D:3      | Found a runed translucent gate.
  2899 | D:3      | Found a runed translucent gate.
  2901 | D:3      | Found a runed translucent gate.
  2903 | D:3      | Noticed TheLasagnaBaron's ghost (amateur DgGl)
  2903 | D:3      | Noticed GreenGuy14's ghost (amateur CoGl)
  2954 | D:3      | Got the Lessons on the Geodesic
  3452 | D:4      | Noticed Duvessa
  3453 | D:4      | Noticed Dowan
  3473 | D:4      | Killed Duvessa
  3474 | D:4      | Reached XP level 6. HP: 18/48 MP: 10/10
  3483 | D:4      | Killed Dowan
  3484 | D:4      | Reached skill level 4 in Fighting
  3809 | D:4      | Found a staircase to the Ecumenical Temple.
  3833 | D:4      | Gained mutation: You have an extremely huge brain. (Int +4)
                  | [demonic ancestry]
  3833 | D:4      | Reached XP level 7. HP: 43/55 MP: 11/11
  4067 | D:4      | Found a shadowy altar of Dithmenos.
  4201 | D:4      | Found a burning altar of Makhleb.
  4203 | D:4      | Found an opulent altar of Gozag.
  4384 | D:5      | Entered Level 5 of the Dungeon
  4479 | D:5      | Reached skill level 5 in Fighting
  4669 | D:5      | Gained mutation: Your demonic aura sometimes causes spilled
                  | blood to erupt in flames. [demonic ancestry]
  4669 | D:5      | Reached XP level 8. HP: 60/62 MP: 13/13
  4681 | D:5      | Found a sparkling altar of Nemelex Xobeh.
  5250 | D:6      | Found a hide-covered altar of Uskayaw.
  6134 | D:7      | HP: 2/64 [wyvern (7)]
  6136 | D:7      | Reached skill level 6 in Fighting
  6475 | D:7      | Became a worshipper of Beogh the Shepherd
  6520 | D:7      | Found a radiant altar of Vehumet.
  6526 | D:7      | Noticed a hornet
  6555 | D:7      | Paralysed by a hornet for 1 turns
  6558 | D:7      | Killed a hornet
  6559 | D:7      | Gained mutation: A demonic guardian rushes to your aid.
                  | [demonic ancestry]
  6559 | D:7      | Reached XP level 9. HP: 35/71 MP: 10/15
  6911 | D:7      | Reached skill level 5 in Translocations
  6911 | D:7      | Reached skill level 1 in Invocations
  7087 | D:7      | Reached skill level 1 in Ranged Weapons
  7088 | D:7      | Reached skill level 7 in Fighting
  7097 | D:7      | Noticed a manticore
  7101 | D:7      | Killed a manticore
  7102 | D:7      | Reached skill level 5 in Polearms
  7274 | D:7      | Reached skill level 5 in Spellcasting
  7543 | D:7      | Reached skill level 5 in Dodging
  7543 | D:7      | Gained mutation: You have an absolutely massive brain. (Int
                  | +6, Wiz) [demonic ancestry]
  7543 | D:7      | Reached XP level 10. HP: 79/79 MP: 17/17
  7597 | D:7      | Reached * piety under Beogh
  7770 | D:7      | Found an iron altar of Okawaru.
  8835 | D:8      | Reached skill level 5 in Armour
  8842 | D:8      | Reached skill level 8 in Fighting
  9081 | D:8      | Noticed a two-headed ogre
  9093 | D:8      | Killed a two-headed ogre
  9432 | D:8      | Learned a level 3 spell: Teleport Other
  9437 | D:8      | Learned a level 4 spell: Manifold Assault
  9442 | D:8      | Learned a level 4 spell: Iskenderun's Mystic Blast
  9732 | D:8      | Reached ** piety under Beogh
  9823 | D:8      | Got the Anthology of Windy Substances
 10452 | D:9      | Reached skill level 5 in Invocations
 10452 | D:9      | Reached XP level 11. HP: 42/87 MP: 19/19
 10635 | D:9      | Reached *** piety under Beogh
 10654 | D:9      | Identified the +9 dagger of Anger {holy, rC+ Stlth+}
 10654 | D:9      | Noticed Bogmar
 10667 | D:9      | Anointed Bogmar the wizard as your apostle
 10874 | D:9      | Found a staircase to the Lair.
 10958 | D:9      | Found a roughly hewn altar of Beogh.
 10965 | D:9      | Found a staircase to the Orcish Mines.
 10986 | D:9      | Reached skill level 9 in Fighting
 11106 | D:9      | Found an ancient bone altar of Kikubaaqudgha.
 11404 | D:10     | Entered Level 10 of the Dungeon
 11483 | D:10     | Identified the +3 great mace "Asmunad" {venom, rC+ Stlth+}
 11483 | D:10     | Identified the +3 scale mail of Duty {Rampage Regen+ Dex-5
                  | SInv}
 11483 | D:10     | Noticed Urtork
 11499 | D:10     | Your ally Bogmar died
 11504 | D:10     | Anointed Urtork the warrior as your apostle
 11521 | D:10     | Your ally Urtork died
 11737 | D:10     | Reached **** piety under Beogh
 12336 | D:10     | Identified the +4 trident "Dyrujeyps" {freeze, Int+3 Dex+2}
 12360 | D:10     | Found a shimmering altar of Xom.
 12533 | D:10     | Noticed a two-headed ogre
 12541 | D:10     | Killed a two-headed ogre
 12549 | D:10     | Reached skill level 10 in Fighting
 12694 | D:10     | Noticed a two-headed ogre
 12699 | D:10     | Killed a two-headed ogre
 12825 | D:10     | Found the ring of the Hare {EV+10}
 12834 | D:10     | Gained mutation: A powerful demonic guardian rushes to your
                  | aid. [demonic ancestry]
 12834 | D:10     | Reached XP level 12. HP: 76/97 MP: 20/22
 13195 | Lair:1   | Entered Level 1 of the Lair of Beasts
 13423 | Lair:1   | Noticed a catoblepas
 13432 | Lair:1   | Killed a catoblepas
 13519 | Lair:1   | Reached skill level 5 in Ranged Weapons
 13582 | Lair:1   | Your ally Bogmar died
 14022 | Lair:2   | Identified the +5 hand axe of Xiaful {freeze, Will+ Dex+2}
 14022 | Lair:2   | Noticed Orik
 14030 | Lair:2   | Anointed Orik the priest as your apostle
 14175 | Lair:2   | Found a runed translucent gate.
 14175 | Lair:2   | Found a runed translucent gate.
 14175 | Lair:2   | Found a runed translucent gate.
 14176 | Lair:2   | Noticed zenocrate's ghost (journeyman OpEE)
 14199 | Lair:2   | You fall into a shaft and drop 2 floors!
 14204 | Lair:4   | Identified a scroll of acquirement
 14204 | Lair:4   | Acquired the ring of Japrorph {rF++ rCorr Int+5}
 14214 | Lair:4   | Learned a level 5 spell: Summon Forest
 14297 | Lair:4   | Reached skill level 11 in Fighting
 14337 | Lair:4   | Found a dark tunnel.
 14345 | Volcano  | Entered a volcano
 14372 | Volcano  | Reached ***** piety under Beogh
 14629 | Volcano  | Noticed a two-headed ogre
 14632 | Volcano  | Your ally Bogmar died
 14634 | Volcano  | Killed a two-headed ogre
 14641 | Volcano  | Found a burning altar of Makhleb.
 14641 | Volcano  | Noticed an ogre mage
 14641 | Volcano  | Noticed a two-headed ogre
 14641 | Volcano  | Noticed a two-headed ogre
 14643 | Volcano  | Your ally Urtork died
 14645 | Volcano  | Killed a two-headed ogre
 14646 | Volcano  | Killed a two-headed ogre
 14650 | Volcano  | Killed an ogre mage
 14756 | Volcano  | Your ally Orik died
 14756 | Volcano  | Noticed a two-headed ogre
 14764 | Volcano  | Killed a two-headed ogre
 14765 | Volcano  | Reached XP level 13. HP: 74/106 MP: 20/24
 14775 | Volcano  | Identified the +2 robe of Servitude {Regen+ Str+4 Int+2}
 14894 | Volcano  | Identified the +1 pair of gloves "Quga Xoank" {rPois MP+9
                  | Dex+3}
 15264 | Lair:3   | Found a staircase to the Swamp.
 15768 | Lair:3   | Found a shimmering altar of Xom.
 15852 | Lair:3   | Found a hole to the Spider Nest.
 17195 | Lair:2   | Reached skill level 1 in Shields
 17727 | Lair:2   | Reached skill level 12 in Fighting
 17749 | Lair:2   | Killed zenocrate's ghost
 18428 | Lair:4   | Found a staircase to the Slime Pits.
 18853 | Lair:5   | Entered Level 5 of the Lair of Beasts
 18969 | Lair:5   | Your ally Bogmar died
 18986 | Lair:5   | Your ally Urtork died
 18997 | Lair:5   | Your ally Orik died
 19014 | Lair:5   | Gained mutation: Your demonic aura often causes spilled
                  | blood to erupt in flames. [demonic ancestry]
 19014 | Lair:5   | Reached XP level 14. HP: 36/116 MP: 12/26
 19078 | Lair:5   | Anointed Herok the wizard as your apostle
 19176 | Lair:5   | Your ally Herok died
 20068 | Lair:5   | Identified the amulet "Useuru" {Faith rPois Int+3}
 20127 | Lair:5   | Found a runed translucent door.
 20129 | Lair:5   | Noticed zewo's ghost (journeyman DrFE)
 20181 | Lair:5   | Killed zewo's ghost
 20295 | Lair:5   | Noticed Urug
 20302 | Lair:5   | Killed Urug
 20780 | Lair:5   | Reached ****** piety under Beogh
 20958 | Lair:5   | Identified the maw talisman "Xatoej" {rElec rN+ Will- SInv}
 20995 | Lair:5   | Reached skill level 13 in Fighting
 21462 | Swamp:1  | Entered Level 1 of the Swamp
 22760 | Swamp:1  | Identified the +4 dagger of Kismet {flame, Fly rN+ SInv
                  | Stlth+}
 22760 | Swamp:1  | Identified the +0 robe of Soft the Good {Harm Fly}
 22771 | Swamp:1  | Anointed Gorm the wizard as your apostle
 22855 | Swamp:1  | Noticed a fenstrider witch
 22859 | Swamp:1  | Killed a fenstrider witch
 22862 | Swamp:1  | Your ally Gorm died
 23164 | Swamp:1  | Reached XP level 15. HP: 124/124 MP: 26/27
 23266 | Swamp:1  | Your ally Orik died
 23268 | Swamp:1  | Your ally Urtork died
 24020 | Swamp:2  | You fall into a shaft and drop 1 floor!
 24118 | Swamp:3  | Noticed a fenstrider witch
 24125 | Swamp:3  | Killed a fenstrider witch
 24269 | Swamp:3  | Found a runed translucent door.
 24271 | Swamp:3  | Noticed Qaseokh's ghost (adept TeSu)
 24271 | Swamp:3  | Identified the +1 trident "Botucwym" {venom, rPois Will+}
 25458 | Swamp:3  | Killed Qaseokh's ghost
 25559 | Swamp:4  | Entered Level 4 of the Swamp
 25587 | Swamp:4  | Noticed Donald
 25652 | Swamp:4  | HP: 6/125 [Donald/+2 demon trident of flaming (2)]
 25652 | Swamp:4  | Killed Donald
 25653 | Swamp:4  | Killed from afar by a spriggan druid

Illustrated notes

Levels and vault maps discovered:
D:1:      dpeg_arrival_oval, layout_basic, serial_glass, glass_columns_b,
          glass_columns_c, shapermc_ecumenical_altar_mp_urbaneastern
D:2:      layout_loops_ring, nicolae_half_adder, uniq_robin
D:3:      minmay_chambers_of_threes, layout_rooms, gammafunk_ghost_cemetery
D:4:      minmay_evil_eye, layout_loops_ring,
          mainiacjoe_overflow_concentric_impassable,
          mainiacjoe_overflow_divided_tiny, minmay_temple_entry_junction_2,
          uniq_duvessa
D:5:      layout_cave_pools, nemelex_spade_bored_becter
D:6:      layout_loops_cross, amcnicky_altar_gilded
D:7:      kennysheep_windowed_halls, layout_basic, vehumet_altar_wand_db,
          okawaru_trees_2
D:8:      lemuel_slime, layout_loops_corners, hangedman_minor_gate_pass
D:9:      layout_long_grid, lemuel_zombie_altar_kikubaaqudgha,
          erik_lair_orcish_takeover, david_orc_5
D:10:     minmay_razor_zed, layout_loops_cross, tso_altar,
          mainiacjoe_overflow_alcove_2
Lair:1:   layout_hall_layers
Lair:2:   layout_roguey, gammafunk_ghost_necromancy,
          chequers_serial_rivers_micro_e, chequers_serial_rivers_micro_d,
          serial_bayou_lagoon_a, lemuel_fruit_fields, lemuel_fruit_fields
Lair:3:   layout_regular_city, swamp_mist_pool, spider_nest_entry_web_field,
          basic_altar
Lair:4:   layout_regular_city, slime_entry_1, enter_volcano_2
Lair:5:   wormcave, layout_regular_city, hangedman_lair_caniforms_friends,
          ebering_ghost_reflecting_pool, serial_bayou_shore_a,
          grunt_megastairs_4, infiniplex_staircase_pool_2, uniq_urug
Swamp:1:  layout_basic_swamp, evilmike_swamp_ruin_house_4, worms_lemuel
Swamp:2:  layout_basic_swamp, infiniplex_staircase_pool
Swamp:3:  layout_basic_swamp, ebering_ghost_funeral_grove,
          hangedman_swamp_ruin_wall, swamp_pool_3, hangedman_swamp_phenomena
Swamp:4:  nzn_swamp_witches_coven, layout_basic_swamp, uniq_aizul,
          uniq_mlioglotl, uniq_donald

Skill      XL: |  1  2  3  4  5  6  7  8  9 10 11 12 13 14 15 |
---------------+----------------------------------------------+-----
Throwing       | 1 |  1.0
Armour         | 1 2 3 4 5 6 7 8 9 |  9.2
Dodging        | 2 3 4 5 6 7 8 9 |  9.1
Polearms       | 2 3 4 5 6 7 8 9 |  9.6
Translocations | 3 4 5 6 7 8 9 |  9.5
Fighting       | 3 4 5 6 7 8 10 11 12 13 | 13.9
Spellcasting   | 3 4 5 6 7 8 9 |  9.3
Invocations    | 3 5 6 8 9 |  9.2
Ranged Weapons | 2 3 4 5 6 7 8 |  8.1
Shields        | 2 4 |  4.8

Action                     |  1- 3 |  4- 6 |  7- 9 | 10-12 | 13-15 || total
---------------------------+-------+-------+-------+-------+-------++-------
  Melee: Spear             |   163 |   244 |   425 |   258 |       ||  1090
         Tailslap          |    22 |    21 |    69 |   108 |   170 ||   390
         Trident           |       |       |       |   434 |  1168 ||  1602
         Orcbow            |       |       |       |     2 |       ||     2
   Fire: Orcbow            |       |       |    37 |   114 |    34 ||   185
  Throw: Dart              |     6 |    11 |     6 |       |       ||    23
         Boomerang         |       |     6 |     1 |       |       ||     7
         Javelin           |       |       |       |     2 |     9 ||    11
   Cast: Blink             |     2 |     1 |     7 |     2 |     4 ||    16
         Lesser Beckoning  |       |       |     2 |       |       ||     2
         Manifold Assault  |       |       |       |    32 |   100 ||   132
         Iskenderun's Myst |       |       |       |       |    40 ||    40
         Summon Forest     |       |       |       |       |    13 ||    13
 Invoke: Convert to Beogh  |       |       |     1 |       |       ||     1
         Recruit Apostle   |       |       |       |     3 |     2 ||     5
         Recall Apostles   |       |       |       |     2 |     3 ||     5
         Smiting           |       |       |       |       |    10 ||    10
         Dismiss Apostle   |       |       |       |       |     2 ||     2
  Evoke: Lightning rod     |       |       |       |       |     2 ||     2
         Condenser vane    |       |       |       |       |     1 ||     1
    Use: Potion            |     1 |     1 |       |     6 |     4 ||    12
         Scroll            |     1 |     7 |     5 |    12 |    12 ||    37
   Stab: Sleeping          |     1 |       |     1 |       |     2 ||     4
         Distracted        |       |       |       |     4 |    10 ||    14
         Confused          |       |       |       |       |     1 ||     1
 Armour: Leather armour    |   106 |    29 |       |       |       ||   135
         Scale mail        |       |   104 |       |       |       ||   104
         Ring mail         |       |    17 |   322 |   336 |   405 ||  1080
         Robe              |       |       |       |       |   150 ||   150
  Dodge: Dodged            |    72 |   127 |   302 |   462 |   854 ||  1817
  Block: Buckler           |       |       |       |       |   317 ||   317
         Reflection        |       |       |       |       |     3 ||     3
         Other             |       |       |       |       |    18 ||    18

Table legend: (Time is in decaauts)
 A = Elapsed time spent in this place.
 B = Non-inter-level travel time spent in this place.
 C = Inter-level travel time spent in this place.
 D = Time resting spent in this place.
 E = Time spent auto-exploring this place.
 F = Levels seen in this place.
 G = Mean time per level.
                   A        B        C        D        E       F      G
               +--------+--------+--------+--------+--------+-----+--------+
         Total |  25555 |  24940 |    615 |   2533 |  16912 |  20 | 1277.8 |
       Dungeon |  13154 |  12788 |    366 |   1626 |   8279 |  10 | 1315.4 |
          Lair |   7438 |   7244 |    194 |    368 |   5374 |   5 | 1487.6 |
         Swamp |   4156 |   4102 |     54 |    447 |   2755 |   4 | 1039.0 |
       Volcano |    806 |    806 |      0 |     91 |    504 |   1 |  806.0 |
               +--------+--------+--------+--------+--------+-----+--------+

Top non-repeatable levels by time:
  Lair:5: 2558 daAuts
     D:7: 2429 daAuts
 Swamp:1: 1894 daAuts
    D:10: 1785 daAuts
  Lair:2: 1729 daAuts
     D:8: 1622 daAuts
     D:2: 1510 daAuts
 Swamp:3: 1457 daAuts
     D:9: 1273 daAuts
  Lair:3: 1269 daAuts
     D:1: 1236 daAuts
  Lair:4: 1093 daAuts
     D:4: 1023 daAuts
     D:6: 924 daAuts
 Volcano: 806 daAuts
